 Dungeon Crawl Stone Soup version 0.28-a0-425-gd0eccab798 (webtiles) character file.

Game seed: 10050345400627968441

16272 heikuro the Carver (level 12, -3/100 HPs)
             Began as a Formicid Fighter on Sept 9, 2021.
             Was an Initiate of Gozag.
             Slain by a large slime creature (13 damage)
             ... on level 12 of the Dungeon.
             The game lasted 00:38:02 (21125 turns).

heikuro the Carver (Formicid Fighter)              Turns: 21125, Time: 00:38:03

Health: -3/100     AC: 10    Str: 28 (29) XL:     12   Next: 68%
Magic:  21/21      EV: 14    Int:  8 (10) God:    Gozag
Gold:   2010       SH:  9    Dex: 11      Spells: 11/11 levels left

rFire   x . .      SeeInvis +   a - +11 dagger "Nownojimp" {venom, Fly rF- rC+ SInv}
rCold   + . .      Faith    .   c - +0 buckler
rNeg    . . .      Spirit   .   p - +1 ring mail {rPois}
rPois   +          Reflect  +   (helmet unavailable)
rElec   .          Harm     .   n - +0 cloak
rCorr   .          Rampage  .   (no gloves)
Will    +....                   (no boots)
Stlth   +.........              M - amulet "Gymmourch" {Reflect MP+9 SH+5}
HPRegen 0.26/turn               g - +4 ring of evasion
MPRegen 0.17/turn               D - +6 ring of strength

@: flying
A: permanent stasis, dig shafts and tunnels, antennae 3, four strong arms
a: Dig, Shaft Self, Renounce Religion, Potion Petition, Call Merchant, Bribe
Branch


You were on level 12 of the Dungeon.
You worshipped Gozag.
Gozag was most pleased with you.
You visited 2 branches of the dungeon, and saw 14 of its levels.
You also visited: Gauntlet.

You collected 2419 gold pieces.
You spent 321 gold pieces at shops.
You paid 88 gold pieces to Gozag.

Inventory:

Hand Weapons
 a - the +11 dagger "Nownojimp" (weapon) {venom, Fly rF- rC+ SInv}
   (You bought it in a shop on level 5 of the Dungeon)

   It poisons the flesh of those it strikes.
   rF:        It makes you vulnerable to fire.
   rC:        It protects you from cold.
   SInv:      It lets you see invisible.
   Fly:       It grants you flight.
 b - a +1 dagger of electrocution
 r - a +0 long sword
 w - a +1 falchion of holy wrath
Missiles
 k - 7 silver boomerangs
 m - 41 poisoned darts (quivered)
Armour
 c - a +0 buckler (worn)
 n - a +0 cloak (worn)
 p - a +1 ring mail of poison resistance (worn)
 F - a +0 plate armour
Jewellery
 g - a +4 ring of evasion (left hand)
 j - a +6 ring of intelligence
 o - a ring of fire
 B - a ring of protection from fire
 D - a +6 ring of strength (right hand)
 I - an amulet of the acrobat
 M - the amulet "Gymmourch" (around neck) {Reflect MP+9 SH+5}
   (You found it in a Gauntlet)

   [amulet of reflection]

   It reflects blocked missile attacks.
   MP:        It affects your magic capacity (+9).
   SH:        It affects your SH (+5).
 N - a ring of protection from fire
 R - a +6 ring of intelligence
Wands
 e - a wand of charming (7)
 s - a wand of polymorph (24)
 K - a wand of iceblast (18)
 P - a wand of mindburst (23)
 Q - a wand of digging (12)
 S - a wand of flame (17)
Scrolls
 i - a scroll of fog {unknown}
 q - 2 scrolls of immolation {unknown}
 u - a scroll of magic mapping
 v - 2 scrolls of enchant armour
 x - 2 scrolls of amnesia {unknown}
 y - a scroll of fear {unknown}
 A - a scroll of summoning {unknown}
 C - a scroll of silence {unknown}
 E - a scroll of holy word {unknown}
Potions
 d - 2 potions of might
 f - 4 potions of attraction
 h - 3 potions of curing
 l - 3 potions of magic
 t - 2 potions of mutation
 z - 3 potions of flight
 G - 2 potions of brilliance {unknown}
 H - 2 potions of heal wounds
 J - 2 potions of invisibility {unknown}
 O - a potion of lignification {unknown}
Miscellaneous
 L - a lightning rod (1/4)


   Skills:
 + Level 11.0 Fighting
 * Level 13.4 Long Blades
 + Level 11.0 Armour
 - Level 3.6 Shields
 + Level 4.7 Evocations


You had 11 spell levels left.
You didn't know any spells.
Your spell library contained the following spells:

 Spells                   Type           Power      Damage    Failure   Level
 Apportation              Tloc           0%         N/A       50%         1
 Sandblast                Erth           0%         2d4       50%         1
 Passwall                 Tmut/Erth      0%         N/A       65%         2
 Slow                     Hex            0%         N/A       65%         2
 Confusing Touch          Hex            0%         N/A       86%         3
 Inner Flame              Hex/Fire       0%         N/A       86%         3
 Stone Arrow              Conj/Erth      0%         3d7       86%         3
 Airstrike                Air            0%         N/A       99%         4
 Animate Armour           Summ/Erth      0%         N/A       99%         4
 Cause Fear               Hex            0%         N/A       99%         4
 Petrify                  Tmut/Erth      0%         N/A       99%         4
 Summon Lightning Spire   Summ/Air       0%         N/A       99%         4
 Alistair's Intoxication  Tmut/Pois      0%         N/A       100%        5
 Lightning Bolt           Conj/Air       0%         1d11      100%        5
 Metabolic Englaciation   Hex/Ice        0%         N/A       100%        5
 Yara's Violent Unravell  Hex/Tmut       0%         3d3       100%        5
 Invisibility             Hex            0%         N/A       100%        6
 Statue Form              Tmut/Erth      0%         N/A       100%        6
 Discord                  Hex            0%         N/A       100%        8
 Lehudib's Crystal Spear  Conj/Erth      0%         10d2      100%        8


Dungeon Overview and Level Annotations

Branches:
Dungeon (13/15)            Temple (1/1) D:6            Lair (0/6) D:9
    Orc (0/2) D:11        Gauntlet (visited)
 Vaults: D:13-14

Altars:
Ashenzari
Cheibriados
Dithmenos
Elyvilon
Fedhas
Gozag
Hepliaklqana
Kikubaaqudgha
Makhleb
Nemelex Xobeh
Okawaru
Qazlal
Ru
Sif Muna
Trog
Uskayaw
Vehumet
Wu Jian
Xom
Yredelemnul
Zin
The Shining One

Shops:
D:1 ((*?   D:3 !   D:5 *   D:7 !

Annotations:
D:3 1 runed translucent door, Crazy Yiuf
D:8 3 runed translucent doors, Ndrwtcm's ghost, novice HOFi


Innate Abilities, Weirdness & Mutations

You cannot be hasted, slowed, berserked, paralysed or teleported.
You can dig through walls and to a lower floor.
You have a pair of large antennae on your head. (SInv)
Your four strong arms can wield two-handed weapons with a shield.


Message History

Two slime creatures merge to form a large slime creature.
You puncture the large slime creature!
The large slime creature is moderately wounded.
The large slime creature hits you!
* * * LOW HITPOINT WARNING * * *
You hit the large slime creature.
The large slime creature is moderately wounded.
You puncture the large slime creature!
The large slime creature is heavily wounded.
The large slime creature closely misses you.
You hit the large slime creature.
The large slime creature is poisoned.
The large slime creature is heavily wounded.
You block the large slime creature's attack.
You hit the large slime creature.
The large slime creature is heavily wounded.
You puncture the large slime creature!
The large slime creature is heavily wounded.
You block the large slime creature's attack.
You hit the large slime creature but do no damage.
The large slime creature is heavily wounded.
You puncture the large slime creature!
The large slime creature is severely wounded.
The large slime creature completely misses you.
You hit the large slime creature.
The large slime creature is severely wounded.
You hit the large slime creature.
The large slime creature is severely wounded.
The large slime creature closely misses you.
You puncture the large slime creature!
The large slime creature is severely wounded.
The large slime creature looks more healthy.
You hit the large slime creature.
The large slime creature is severely wounded.
The large slime creature hits you!!
* * * LOW HITPOINT WARNING * * *
You puncture the large slime creature!
The large slime creature is almost dead.
The large slime creature hits you!
You die...
Your body crumbles into a pile of gold.

.####..........##.........#
##
...............##...(.....#
..#####........##.........#
###$ #.#......##.........#
{ #.#.####.##.(.......#
#.#.####.##.........#
##.#.....[...........#
#..##.###.#J##########
#......##.#@#
#...##.##.#.#####
{#..###..#.#.....# #..#
##.#)#####J# #..# #.#.# #.#
#..# #...# #.######### ##.#
##..# #.........# { #.#
#..# #########.# #.# ##>#
#.......#


You could see a large slime creature.

Vanquished Creatures
  A minotaur (Gauntlet)
  A two-headed ogre (D:8)
  A wretched star (Gauntlet)
  A sixfirhy (Gauntlet)
  A fire crab (Gauntlet)
  A deep elf pyromancer (D:12)
  A manticore (D:12)
  2 cyclopes
  An elephant (D:9)
  Joseph (D:8)
  A gargoyle (D:10)
  2 trolls (D:11)
  3 hornets (D:9)
  Grinder (D:5)
  3 shadows
  A wraith (D:9)
  7 yaks (D:9)
  2 fire bats (Gauntlet)
  Eustachio (D:6)
  A wyvern (D:9)
  A steam dragon (D:9)
  2 vampire mosquitoes (D:12)
  3 water moccasins
  3 black bears
  13 orc warriors
  An ice beast (D:6)
  A sky beast (D:7)
  3 necrophages
  3 ogres
  10 centaurs
  2 phantoms
  Blork the orc (D:6)
  A kobold brigand (D:10)
  A small abomination (Gauntlet)
  2 bullfrogs (D:7)
  2 gnoll sergeants
  2 scorpions
  2 wyvern zombies
  A wyvern skeleton (D:7)
  A water moccasin zombie (D:7)
  13 killer bees
  6 wights
  2 electric eels (D:11)
  A bullfrog zombie (D:5)
  A jelly (D:6)
  2 centaur zombies
  A hound (D:5)
  10 orc priests
  A gnoll shaman (D:5)
  7 iguanas
  10 orc wizards
  3 hell rats (D:8)
  Terence (D:2)
  A killer bee zombie (D:9)
  A hound skeleton (D:4)
  14 gnolls
  12 adders
  18 river rats (D:8)
  5 ufetubi
  3 dart slugs
  55 orcs
  8 bats
  3 endoplasms (D:1)
  2 giant cockroaches
  9 goblins
  6 hobgoblins
  7 jackals
  3 quokkas
  4 ball pythons
  4 frilled lizards
  8 kobolds
  2 rats
311 creatures vanquished.

Vanquished Creatures (others)
  A centaur (D:11)
  A killer bee (D:12)
  4 demonic plants (Gauntlet)
  18 plants
24 creatures vanquished.

Grand Total: 335 creatures vanquished

Notes
Turn   | Place    | Note
-------+----------+-------------------------------------------
     0 | D:1      | heikuro the Formicid Fighter began the quest for the Orb.
     0 | D:1      | Reached XP level 1. HP: 18/18 MP: 1/1
    13 | D:1      | Found Buaskuapn's Weapon Boutique.
    80 | D:1      | Reached XP level 2. HP: 24/24 MP: 2/2
   632 | D:1      | Found Zan Ikaw's General Store.
   678 | D:1      | Reached XP level 3. HP: 29/29 MP: 3/3
   723 | D:1      | Found Juyriati's Weapon Boutique.
   825 | D:1      | Found Ysagadit's Magic Scroll Emporium.
  1467 | D:2      | Reached skill level 3 in Long Blades
  1572 | D:2      | Reached XP level 4. HP: 37/37 MP: 4/4
  1792 | D:2      | Noticed Terence
  1812 | D:2      | Killed Terence
  2111 | D:3      | Noticed a phantom
  2286 | D:3      | Reached XP level 5. HP: 42/42 MP: 5/5
  2412 | D:3      | Killed a phantom
  2413 | D:3      | Reached skill level 4 in Long Blades
  2552 | D:3      | Reached XP level 6. HP: 49/49 MP: 6/6
  2741 | D:3      | Found Ebiam's Distillery.
  2801 | D:3      | Found a runed translucent door.
  2802 | D:3      | Noticed Crazy Yiuf
  3314 | D:4      | Noticed an ogre
  3349 | D:4      | Killed an ogre
  3982 | D:4      | Reached skill level 5 in Long Blades
  4065 | D:4      | Reached XP level 7. HP: 51/55 MP: 7/7
  4332 | D:5      | Entered Level 5 of the Dungeon
  4361 | D:5      | Reached skill level 5 in Fighting
  4495 | D:5      | Reached skill level 5 in Armour
  4754 | D:5      | Noticed Grinder
  4771 | D:5      | Killed Grinder
  4772 | D:5      | Reached skill level 6 in Long Blades
  4772 | D:5      | Reached XP level 8. HP: 28/63 MP: 8/8
  5379 | D:5      | Found Vuproest's Assorted Antiques.
  5951 | D:5      | Bought a masterwork dagger for 161 gold pieces
  5951 | D:5      | Identified the +11 dagger "Nownojimp" {venom, Fly rF- rC+
                  | SInv} (You bought it in a shop on level 5 of the Dungeon)
  6082 | D:5      | Reached skill level 7 in Long Blades
  6567 | D:6      | Found a broken altar of Ashenzari.
  6625 | D:6      | Reached XP level 9. HP: 67/71 MP: 9/9
  6702 | D:6      | Reached skill level 8 in Long Blades
  6818 | D:6      | Noticed Blork the orc
  6829 | D:6      | Killed Blork the orc
  6925 | D:6      | Found a staircase to the Ecumenical Temple.
  6954 | Temple   | Entered the Ecumenical Temple
  7594 | Temple   | Became a worshipper of Gozag Ym Sagoz the Greedy
  7633 | D:6      | Noticed Eustachio
  7639 | D:6      | Killed Eustachio
  8403 | D:1      | Bought a scroll of magic mapping for 45 gold pieces
  8645 | D:7      | Reached skill level 9 in Long Blades
  9163 | D:7      | Found Vinevoha's Distillery.
  9247 | D:7      | Reached XP level 10. HP: 75/80 MP: 10/10
  9768 | D:8      | Noticed Joseph
  9784 | D:8      | Killed Joseph
  9785 | D:8      | Reached skill level 10 in Long Blades
 10560 | D:8      | Found the +2 ratskin cloak {*Rats rPois rN+ Str-1 Int-1
                  | Dex+1}
 12069 | D:8      | Found a runed translucent gate.
 12069 | D:8      | Found a runed translucent gate.
 12069 | D:8      | Found a runed translucent gate.
 12074 | D:8      | Noticed Ndrwtcm's ghost (novice HOFi)
 12349 | D:8      | Noticed a ten-headed hydra
 12536 | D:9      | Noticed a two-headed ogre
 12567 | D:9      | Noticed an elephant
 12580 | D:8      | Killed a two-headed ogre
 12868 | D:9      | Reached skill level 11 in Long Blades
 13041 | D:9      | Reached XP level 11. HP: 61/89 MP: 11/11
 13650 | D:9      | Killed an elephant
 13834 | D:9      | Found a staircase to the Lair.
 14211 | D:9      | Reached skill level 12 in Long Blades
 14398 | D:9      | Reached skill level 10 in Fighting
 14418 | D:9      | Reached skill level 10 in Armour
 14552 | D:10     | Entered Level 10 of the Dungeon
 14657 | D:5      | Bought a twisted fluorescent amulet for 115 gold pieces
 15621 | D:10     | Reached skill level 1 in Evocations
 15877 | D:11     | Found a gate leading to a gauntlet.
 15888 | Gauntlet | Entered a Gauntlet
 15888 | Gauntlet | Noticed a sixfirhy
 15888 | Gauntlet | Found a transporter.
 15888 | Gauntlet | Found a transporter.
 16130 | Gauntlet | Found a transporter.
 16132 | Gauntlet | Found a transporter.
 16144 | Gauntlet | Found a transporter.
 16146 | Gauntlet | Found a transporter.
 16153 | Gauntlet | Noticed a fire crab
 16155 | Gauntlet | Noticed a wretched star
 16156 | Gauntlet | Found a transporter.
 16177 | Gauntlet | Found a transporter.
 16177 | Gauntlet | Noticed an elephant
 16177 | Gauntlet | Noticed an elephant
 16181 | Gauntlet | Noticed a dire elephant
 16182 | Gauntlet | Found a transporter.
 16186 | Gauntlet | Found a transporter.
 16189 | Gauntlet | Noticed a spectral death yak
 16200 | Gauntlet | Found a transporter.
 16200 | Gauntlet | Noticed a death scarab
 16254 | Gauntlet | Found a transporter.
 16410 | Gauntlet | Killed a sixfirhy
 16740 | Gauntlet | Killed a fire crab
 16978 | Gauntlet | Killed a wretched star
 16979 | Gauntlet | Reached XP level 12. HP: 93/98 MP: 12/12
 17008 | Gauntlet | Identified the amulet "Gymmourch" {Reflect MP+9 SH+5}
 17110 | Gauntlet | Noticed a minotaur
 17124 | Gauntlet | Killed a minotaur
 17940 | D:11     | Reached skill level 13 in Long Blades
 19381 | D:11     | Found a staircase to the Orcish Mines.
 21125 | D:12     | Slain by a large slime creature

Illustrated notes

Levels and vault maps discovered:
D:1:      matt_arrival_grand_opening, layout_loops_ring, serial_shops, shop,
          shop, nicolae_shop_crystal, nicolae_shop_waterfront
D:2:      layout_loops_ring, serial_bayou_pond_c, uniq_terence
D:3:      layout_basic, serial_shops, shop, uniq_crazy_yiuf_cottage
D:4:      layout_gridville
D:5:      layout_loops_ring, nicolae_stop_n_shop_2, uniq_grinder
D:6:      layout_gridville, mainiacjoe_overflow_tiny_flanked, temple_pool_b,
          uniq_blork_the_orc, uniq_eustachio
D:7:      minmay_skewed_foursquare, layout_basic, serial_shops,
          nicolae_stop_n_shop_1
D:8:      wander_guarded_unrand_ratskin, layout_loops_cross,
          gammafunk_ghost_hydra_chop, special_room [special_room_orc],
          uniq_joseph
D:9:      minmay_bubble_buster, layout_cave_pools, david_lair_generic,
          nicolae_benzene_ring
D:10:     layout_irregular_city
D:11:     layout_irregular_city, erik_orc_2, gauntlet_entry_generic
D:12:     cheibrodos_quadrivalence, layout_basic, lemuel_old_faithful
D:13:     layout_basic, erik_vaults_1, uniq_nessos
Temple:   nicolae_temple_the_god_donut

Skill      XL: |  1  2  3  4  5  6  7  8  9 10 11 12 |
---------------+-------------------------------------+-----
Long Blades    | 3 4 5 6 7 9 11 12 13 | 13.4
Fighting       | 4 5 6 7 9 10 11 | 11.0
Armour         | 4 5 6 7 9 10 11 | 11.0
Evocations     | 2 4 |  4.7
Shields        | |  3.6

Action                   |  1- 3 |  4- 6 |  7- 9 | 10-12 || total
-------------------------+-------+-------+-------+-------++-------
Melee: Long sword        |    12 |     8 |    16 |       ||    36
       Dagger            |    80 |   114 |   256 |   746 ||  1196
Throw: Dart              |       |       |     6 |     3 ||     9
 Abil: Dig               |       |       |       |     2 ||     2
Evoke: Wand              |       |       |       |     2 ||     2
       Lightning rod     |       |       |       |     4 ||     4
  Use: Scroll            |       |       |     3 |     8 ||    11
       Potion            |       |       |       |     2 ||     2
 Stab: Distracted        |       |       |       |     4 ||     4
Armor: Scale mail        |    36 |    34 |    21 |       ||    91
       Ring mail         |       |       |    50 |    75 ||   125
       Plate armour      |       |       |       |    49 ||    49
Dodge: Dodged            |    30 |    47 |   115 |   383 ||   575
Block: Buckler           |    20 |    13 |    46 |   179 ||   258
       Reflection        |       |       |       |     6 ||     6

Table legend: (Time is in decaauts)
 A = Elapsed time spent in this place.
 B = Non-inter-level travel time spent in this place.
 C = Inter-level travel time spent in this place.
 D = Time resting spent in this place.
 E = Time spent auto-exploring this place.
 F = Levels seen in this place.
 G = Mean time per level.
                   A        B        C        D        E       F      G
               +--------+--------+--------+--------+--------+-----+--------+
         Total |  20784 |  19927 |    857 |   6650 |   9313 |  15 | 1385.6 |
       Dungeon |  18638 |  17799 |    839 |   5719 |   8557 |  13 | 1433.7 |
        Temple |    661 |    643 |     18 |      0 |    560 |   1 |  661.0 |
      Gauntlet |   1485 |   1485 |      0 |    931 |    196 |   1 | 1485.0 |
               +--------+--------+--------+--------+--------+-----+--------+

Top non-repeatable levels by time:
     D:8: 2200 daAuts
     D:7: 2051 daAuts
    D:11: 2031 daAuts
     D:9: 1889 daAuts
     D:5: 1843 daAuts
Gauntlet: 1485 daAuts
     D:4: 1483 daAuts
    D:10: 1383 daAuts
     D:1: 1381 daAuts
    D:12: 1198 daAuts
     D:6: 1190 daAuts
     D:3: 1124 daAuts
     D:2: 845 daAuts
  Temple: 661 daAuts
    D:13: 13 daAuts
